 Dungeon Crawl Stone Soup version 0.28.0-49-g6dfe1f597d (webtiles) character file.

Game seed: 1270007462661399569

4771 mortz the Protected (level 10, 0/90 HPs)
             Began as a Hill Orc Fighter on May 15, 2022.
             Was a Follower of Beogh.
             Killed from afar by an electric eel (15 damage)
             ... with a bolt of electricity
             ... on level 8 of the Dungeon.
             The game lasted 00:52:18 (11072 turns).

mortz the Protected (Hill Orc Fighter)             Turns: 11072, Time: 00:52:18

Health: 0/90       AC: 16    Str: 24    XL:     10   Next: 47%
Magic:  10/10      EV:  8    Int:  8    God:    Beogh [*.....]
Gold:   585        SH:  5    Dex: 16    Spells: 9/9 levels left

rFire   + + .      SeeInvis .   E - +5 falchion {long}
rCold   . . .      Faith    .   c - +0 buckler
rNeg    . . .      Spirit   .   y - +0 plate armour "Gozaklakh" {rF+}
rPois   .          Reflect  .   (no helmet)
rElec   .          Harm     .   L - +0 cloak
rCorr   .          Rampage  .   (no gloves)
Will    .....                   j - +0 pair of boots
Stlth   ..........              (no amulet)
HPRegen 0.25/turn               f - ring of protection from fire
MPRegen 0.12/turn               S - +6 ring of dexterity

@: no status effects
A: no striking features
a: Renounce Religion


You were on level 8 of the Dungeon.
You worshipped Beogh.
Beogh was aware of your devotion.
You visited 2 branches of the dungeon, and saw 9 of its levels.

You collected 585 gold pieces.


   Skills:
 + Level 8.4 Fighting
 + Level 2.4(4.4) Short Blades
 + Level 6.3(6.5) Long Blades
 + Level 5.9(8.1) Axes
 + Level 7.1(7.9) Maces & Flails
 + Level 2.2 Throwing
 + Level 8.5 Armour
 + Level 2.5 Dodging
 + Level 1.2 Stealth
 + Level 4.7 Shields
 + Level 0.1 Unarmed Combat


You had 9 spell levels left.
You didn't know any spells.
Your spell library contained the following spells:

 Spells                   Type           Power      Damage    Failure   Level
 Magic Dart               Conj           0%         1d3       100%        1
 Shock                    Conj/Air       0%         1d3       100%        1
 Corpse Rot               Necr/Air       0%         N/A       100%        2
 Poisonous Vapours        Pois/Air       0%         N/A       100%        2
 Static Discharge         Conj/Air       0%         N/A       100%        2
 Swiftness                Air            0%         N/A       100%        3
 Airstrike                Air            0%         N/A       100%        4
 Passage of Golubria      Tloc           0%         N/A       100%        4
 Fireball                 Conj/Fire      0%         3d3       100%        5
 Freezing Cloud           Conj/Ice/Air   0%         6-21      100%        5
 Silence                  Hex/Air        0%         N/A       100%        5
 Spellforged Servitor     Conj/Summ      0%         N/A       100%        7
 Lehudib's Crystal Spear  Conj/Erth      0%         10d2      100%        8

Inventory:

Hand Weapons
 a - a +0 war axe {axe}
 q - a +2 dagger of freezing {short}
   (You took it off Dowan on level 4 of the Dungeon)
 s - a +1 great mace of protection {mace}
   (You found it on level 3 of the Dungeon)
 A - the +4 dagger "Akku" {flame, rPois rF+ Int-2, short}
   (You found it on level 5 of the Dungeon)

   It burns those it strikes, dealing additional fire damage.
   Int:       It affects your intelligence (-2).
   rF:        It protects you from fire.
   rPois:     It protects you from poison.
 C - a +1 dagger of holy wrath {short}
   (You took it off an orc on level 5 of the Dungeon)
 E - a +5 falchion (weapon) {long}
   (You took it off a wight on level 5 of the Dungeon)
 F - a +0 glaive of flaming {polearm}
   (You took it off Maggie on level 6 of the Dungeon)
 J - a +0 battleaxe {axe}
   (You took it off a wight on level 6 of the Dungeon)
 K - a +1 whip of freezing {mace}
   (You took it off Pikel on level 6 of the Dungeon)
 U - a +0 trident of protection {polearm}
   (You took it off a gnoll sergeant on level 8 of the Dungeon)
Missiles
 h - 235 stones {throwing}
 n - 3 boomerangs {throwing}
 D - 6 poisoned darts (quivered) {throwing}
Armour
 c - a +0 buckler (worn)
 j - a +0 pair of boots (worn)
   (You found it on level 1 of the Dungeon)
 p - a +1 ring mail of poison resistance
   (You took it off Duvessa on level 4 of the Dungeon)
 y - the +0 plate armour "Gozaklakh" (worn) {rF+}
   (You found it on level 5 of the Dungeon)

   rF:        It protects you from fire.
 G - +0 swamp dragon scales
   (You took it off Maggie on level 6 of the Dungeon)
 L - a +0 cloak (worn)
   (You took it off Crazy Yiuf on level 6 of the Dungeon)
Jewellery
 f - a ring of protection from fire (left hand)
   (You found it on level 1 of the Dungeon)
 S - a +6 ring of dexterity (right hand)
   (You found it on level 7 of the Dungeon)
Wands
 i - a wand of flame (27)
   (You took it off Dowan on level 4 of the Dungeon)
 x - a wand of polymorph (24)
   (You took it off Ijyb on level 4 of the Dungeon)
 Q - a wand of paralysis (6)
   (You found it on level 7 of the Dungeon)
Scrolls
 k - a scroll of holy word {unknown}
 m - a scroll of teleportation {@r4}
 o - a scroll of amnesia
 w - 2 scrolls of fear
 z - 2 scrolls of torment {unknown}
 B - a scroll of immolation {unknown}
 M - 2 scrolls of enchant weapon {unknown}
 N - a scroll of fog {unknown}
 P - a scroll of vulnerability {unknown}
 T - 2 scrolls of magic mapping {unknown}
 V - a scroll of acquirement {unknown}
Potions
 b - a potion of flight
 d - a potion of might
 e - 2 potions of haste {@q3}
 g - 2 potions of mutation {!q}
 l - a potion of attraction {unknown}
 r - a potion of cancellation {unknown}
 t - a potion of ambrosia {unknown}
 u - a potion of berserk rage {unknown}
 v - 2 potions of curing {@q1}
 H - 2 potions of heal wounds {@q2}
 I - a potion of invisibility {unknown}
 O - 2 potions of brilliance
 R - a potion of lignification {unknown}

Dungeon Overview and Level Annotations

Branches:
Dungeon (8/15)             Temple (1/1) D:6            Lair (0/6) D:8

Altars:
Ashenzari
Cheibriados
Dithmenos
Elyvilon
Fedhas
Gozag
Hepliaklqana
Kikubaaqudgha
Makhleb
Nemelex Xobeh
Okawaru
Qazlal
Ru
Sif Muna
Trog
Uskayaw
Vehumet
Wu Jian
Xom
Yredelemnul
Zin
The Shining One

Shops:
D:1 *   D:2 :   D:7 (   D:8 *

Annotations:
D:3 1 runed translucent door
D:7 2 transporters

#.....####.≈....≈.≈.........#.##.
......[.......≈...≈............#.
.#....####..≈≈.≈.≈≈....≈.......#.
.#...## #...≈≈≈≈≈.≈.≈≈..........
.#...#####..≈≈≈≈≈≈≈≈≈≈....##.....
..........≈≈≈≈≈≈≈≈≈≈≈≈.... #...(.
###.######≈≈≈≈≈.(.S.≈≈≈≈. #.((#.
....######≈≈≈≈≈≈(...≈≈≈.. ..(....
#.........≈≈≈≈S.@>.≈.≈≈.. (......
#.#.......≈≈≈≈≈≈.....≈≈.≈ .......
#.#<#####.≈≈≈≈≈≈..≈.≈≈≈.. .######
...........≈≈≈≈≈..≈.≈≈≈.. #
............≈≈≈....≈≈≈...
............≈≈≈≈≈.≈≈≈≈...
...........≈..≈≈≈.≈≈≈≈≈..
.............≈≈≈≈.≈≈≈≈≈..
............≈.≈≈≈.


You could see 2 electric eels.


Message History

A hobgoblin zombie comes into view. 😎 HP[+6]
Your hp is fully restored (90).
You slash the hobgoblin zombie!
You destroy the hobgoblin zombie!
Beogh accepts your kill.
You pick up the Papyrus of Gliding Confrontation and begin reading...
You add the spells Magic Dart, Static Discharge, Freezing Cloud, Fireball and Spellforged Servitor to your library.
A mummy comes into view.
You block the mummy's attack.
You slash the mummy! You closely miss the mummy.
The mummy hits you but does no damage.
You barely miss the mummy. You barely miss the mummy.
The mummy barely misses you.
You hit the mummy. You hit the mummy but do no damage.
The mummy closely misses you.
You barely miss the mummy. The mummy barely misses you.
You slash the mummy!
You destroy the mummy!
Beogh accepts your kill.
V - a scroll labelled EDOOTE ODIAXTE
W - a scroll of identify {@r1}
As you read the scroll of identify {@r1}, it crumbles to dust.
O - 2 potions of brilliance You now have 585 gold pieces (gained 13).
Found a staircase to the Lair.
You enter the shallow water.
Moving in this stuff is going to be slow.
A hound comes into view.
The hound barks!
The electric eel shoots out a bolt of lightning at you!
The bolt of electricity hits you! 😕 HP[-7]
You take 7 damage, and now have 83/90 hp.
The electric eel shoots out a bolt of lightning at you!
The bolt of electricity hits you!
You see here 2 poisoned darts {throwing}. 😕 HP[-13]
You take 13 damage, and now have 70/90 hp.
You hit the electric eel. The hound bites you but does no damage.
You block the hound's attack.
Your unstable footing causes you to fumble your attack.
The hound bites you but does no damage.
The electric eel shoots out a bolt of lightning at you!
The bolt of electricity hits you. 😮 HP[-5]
You take 5 damage, and now have 65/90 hp.
Your unstable footing causes you to fumble your attack.
The hound bites you but does no damage.
You hit the electric eel.
The hound bites you but does no damage. x2 😮 HP[+1]
You hit the electric eel but do no damage.
The hound completely misses you.
The electric eel shoots out a bolt of lightning at you!
The bolt of electricity hits you! 😮 HP[-7]
You take 7 damage, and now have 59/90 hp.
You hit the electric eel. The hound bites you. You block the hound's attack.
The electric eel shoots out a bolt of lightning at you!
The bolt of electricity hits you. 😮 HP[-9]
You take 9 damage, and now have 50/90 hp.
You closely miss the electric eel. The hound barely misses you.
The hound bites you but does no damage. 😮 HP[+1]
The hound bites you but does no damage.
The electric eel shoots out a bolt of lightning at you!
The bolt of electricity hits you!
* * * LOW HITPOINT WARNING * * *
😨 HP[-14]
You take 14 damage, and now have 37/90 hp.
The hound closely misses you. The hound bites you but does no damage.
There is a staircase to the Lair here.
You miss the hound. The hound bites you but does no damage.
The electric eel shoots out a bolt of lightning at you!
The bolt of electricity hits you!
* * * LOW HITPOINT WARNING * * *
😨 HP[-10]
You take 10 damage, and now have 27/90 hp.
You slash the hound! You block the hound's attack.
The electric eel shoots out a bolt of lightning at you!
The bolt of electricity misses you.
The hound bites you but does no damage. 😨 HP[+1]
You hit the hound. The hound completely misses you.
The electric eel shoots out a bolt of lightning at you!
The bolt of electricity hits you!
* * * LOW HITPOINT WARNING * * *
😱 HP[-8]
You take 8 damage, and now have 20/90 hp.
You slash the hound!
You kill the hound!
Beogh accepts your kill.
The electric eel shoots out a bolt of lightning at you!
The bolt of electricity misses you.
The electric eel shoots out a bolt of lightning at you!
The bolt of electricity hits you.
* * * LOW HITPOINT WARNING * * *
The electric eel shoots out a bolt of lightning at you!
The bolt of electricity hits you!
You die...

Skill      XL: |  1  2  3  4  5  6  7  8  9 10 |
---------------+-------------------------------+-----
Axes           | 3 4 5 |  5.9
Fighting       | 4 5 6 7 8 |  8.4
Armour         | 4 5 6 7 8 |  8.5
Maces & Flails | 1 2 4 6 7 |  7.1
Dodging        | 1 2 |  2.5
Short Blades   | 2 |  2.4
Shields        | 4 |  4.7
Long Blades    | 5 6 |  6.3
Throwing       | 1 2 |  2.2
Stealth        | 1 |  1.2
Unarmed Combat | |  0.1

Action                   |  1- 3 |  4- 6 |  7- 9 | 10-12 || total
-------------------------+-------+-------+-------+-------++-------
Melee: War axe           |    94 |   153 |     1 |       ||   248
       Great mace        |       |    58 |    87 |       ||   145
       Dagger            |       |       |   137 |       ||   137
       Unarmed           |       |       |     1 |       ||     1
       Falchion          |       |       |   110 |   137 ||   247
Throw: Boomerang         |       |     5 |    17 |       ||    22
       Dart              |       |       |       |    20 ||    20
       Stone             |       |       |       |     1 ||     1
Invok: Convert to Beogh  |       |       |     1 |       ||     1
  Use: Scroll            |       |       |    10 |     1 ||    11
       Potion            |       |       |     2 |       ||     2
Armor: Scale mail        |    34 |    95 |     4 |       ||   133
       Ring mail         |       |       |    49 |       ||    49
       Skin              |       |       |     3 |       ||     3
       Plate armour      |       |       |   113 |    96 ||   209
       Swamp dragon scal |       |       |    15 |       ||    15
Dodge: Dodged            |    29 |    97 |   147 |    73 ||   346
Block: Buckler           |    14 |    28 |    41 |    43 ||   126

Levels and vault maps discovered:
D:1:      sevenhm_arrival_forest_fort_large_4, layout_basic,
          ebering_ecumenical_altar_ruins, serial_shops,
          nicolae_shop_overgrown_old_shop
D:2:      layout_basic, serial_shops, shop
D:3:      layout_rooms, dk_yredelemnul_ordeal, fountainhead, st_stairs_9,
          dk_noncrumbling_2
D:4:      layout_rooms, uniq_ijyb
D:5:      layout_basic, mainiacjoe_overflow_24_doors, st_stairs_10,
          solitary_fountain, minmay_fractal_squares_5, uniq_duvessa,
          uniq_grinder
D:6:      layout_rooms, mainiacjoe_overflow_small_starburst,
          gammafunk_temple_overflow_elements, temple_hall,
          grunt_decor_one_mirror, uniq_maggie, uniq_crazy_yiuf_cottage
D:7:      gammafunk_wand_slinger, layout_gridville, kennysheep_mini_moat,
          serial_co_window_serial, co_window_paths_a, co_window_paths_b,
          co_window_of_opportunity_a, co_window_of_opportunity_a,
          co_window_corner_a, co_window_paths_b, co_window_paths_a,
          co_window_2corner, co_window_broadway_b, co_window_broadway_c,
          co_window_paths_d, minmay_shop_grid_forest, moated_statue,
          uniq_joseph, uniq_pikel
D:8:      layout_basic, erik_lair_island, serial_shops, nicolae_shop_crystal,
          minmay_mini_ossuary
Temple:   nicolae_temple_elliptical

Notes
Turn   | Place    | Note
-------+----------+-------------------------------------------
     0 | D:1      | mortz the Hill Orc Fighter began the quest for the Orb.
     0 | D:1      | Reached XP level 1. HP: 19/19 MP: 1/1
     0 | D:1      | magus.rc [v1.9.6]
    80 | D:1      | Reached XP level 2. HP: 24/27 MP: 2/2
   133 | D:1      | Found Kuzarox's Assorted Antiques.
   348 | D:1      | Reached skill level 3 in Axes
   667 | D:1      | Reached XP level 3. HP: 33/33 MP: 3/3
   871 | D:1      | Reached skill level 4 in Fighting
   928 | D:1      | Found a faded altar of an unknown god.
  1273 | D:2      | Reached XP level 4. HP: 36/41 MP: 4/4
  1284 | D:2      | Reached skill level 4 in Axes
  1417 | D:2      | Reached skill level 4 in Armour
  1675 | D:2      | Found Gyxouref's Book Boutique.
  1692 | D:2      | Reached XP level 5. HP: 47/47 MP: 5/5
  2227 | D:3      | Reached skill level 5 in Axes
  2493 | D:3      | You pick up a book of Vapours and begin reading...
  2493 | D:3      | You add the spells Poisonous Vapours and Corpse Rot to your
                  | library.
  2577 | D:3      | Found a runed translucent door.
  2578 | D:3      | Noticed a human
  2581 | D:3      | Found a basalt altar of Yredelemnul.
  2987 | D:4      | Noticed an ogre
  2995 | D:4      | Killed an ogre
  2996 | D:4      | Reached skill level 5 in Fighting
  2996 | D:4      | Reached skill level 1 in Maces & Flails
  2996 | D:4      | Reached XP level 6. HP: 15/56 MP: 6/6
  3496 | D:4      | Reached skill level 2 in Maces & Flails
  3769 | D:4      | Reached XP level 7. HP: 43/61 MP: 7/7
  3905 | D:4      | Noticed Ijyb
  3918 | D:4      | Killed Ijyb
  3919 | D:4      | Reached skill level 5 in Armour
  4030 | D:5      | Entered Level 5 of the Dungeon
  4030 | D:5      | Noticed Duvessa
  4030 | D:5      | Noticed Dowan
  4044 | D:4      | Killed Duvessa
  4045 | D:4      | Reached skill level 3 in Maces & Flails
  4045 | D:4      | Reached skill level 1 in Dodging
  4046 | D:4      | Killed Dowan
  4205 | D:5      | Reached skill level 4 in Maces & Flails
  4227 | D:5      | Found a sparkling altar of Nemelex Xobeh.
  4251 | D:5      | HP: 15/61 [something (2)]
  4644 | D:5      | Reached XP level 8. HP: 70/70 MP: 8/8
  4694 | D:5      | You pick up a book of the Moon and begin reading...
  4694 | D:5      | You add the spells Passage of Golubria, Silence and
                  | Lehudib's Crystal Spear to your library.
  4766 | D:5      | Reached skill level 5 in Maces & Flails
  4818 | D:5      | Noticed Grinder
  4820 | D:5      | Paralysed by Grinder for 7 turns
  4835 | D:5      | Paralysed by Grinder for 6 turns
  4871 | D:5      | Killed Grinder
  4872 | D:5      | Reached skill level 6 in Fighting
  4872 | D:5      | Reached skill level 6 in Armour
  5054 | D:5      | Reached skill level 6 in Maces & Flails
  5071 | D:5      | Identified the +0 plate armour "Gozaklakh" {rF+}
  5527 | D:5      | Identified the +4 dagger "Akku" {flame, rPois rF+ Int-2}
  5983 | D:5      | Reached XP level 9. HP: 78/78 MP: 9/9
  6023 | D:5      | Reached skill level 1 in Short Blades
  6307 | D:5      | Reached skill level 7 in Maces & Flails
  6320 | D:5      | Became a worshipper of Beogh the Brigand
  6384 | D:6      | Reached skill level 7 in Fighting
  6412 | D:5      | Reached skill level 4 in Shields
  6696 | D:5      | Reached skill level 2 in Short Blades
  6810 | D:6      | Reached skill level 2 in Dodging
  6871 | D:6      | Noticed Maggie
  6897 | D:6      | Killed Maggie
  6898 | D:6      | Reached skill level 1 in Long Blades
  6898 | D:6      | Reached skill level 1 in Throwing
  6898 | D:6      | Reached skill level 7 in Armour
  7148 | D:6      | Found a shimmering blue altar of Sif Muna.
  7188 | D:6      | You pick up a book of Air and begin reading...
  7188 | D:6      | You add the spells Shock, Swiftness and Airstrike to your
                  | library.
  7243 | D:6      | Found a runed translucent door.
  7244 | D:6      | Noticed Crazy Yiuf
  7292 | D:6      | Reached skill level 2 in Long Blades
  7510 | D:6      | Found a shimmering altar of Xom.
  7510 | D:6      | Found an opulent altar of Gozag.
  7572 | D:6      | Reached skill level 3 in Long Blades
  7589 | D:6      | Found a staircase to the Ecumenical Temple.
  7606 | Temple   | Entered the Ecumenical Temple
  8004 | D:6      | Killed Crazy Yiuf
  8467 | D:7      | Noticed Pikel
  8478 | D:6      | Killed Pikel
  8479 | D:6      | Reached skill level 4 in Long Blades
  8658 | D:7      | Found a transporter.
  8689 | D:7      | Found a transporter.
  8794 | D:7      | Reached skill level 5 in Long Blades
  8794 | D:7      | Reached XP level 10. HP: 79/88 MP: 10/10
  8802 | D:7      | Reached skill level 1 in Stealth
  8876 | D:7      | Reached skill level 2 in Throwing
  8898 | D:7      | Noticed Joseph
  8913 | D:7      | Killed Joseph
  8914 | D:7      | Reached skill level 8 in Fighting
  9109 | D:7      | Reached skill level 8 in Armour
  9148 | D:7      | Found Picwel's Antique Weapon Boutique.
  9247 | D:7      | Reached * piety under Beogh
  9265 | D:7      | Found a blossoming altar of Fedhas.
  9325 | D:7      | Noticed a kobold demonologist
  9942 | D:8      | Found Diciy's General Store.
 10007 | D:8      | Noticed a two-headed ogre
 10013 | D:8      | Noticed a kobold demonologist
 10017 | D:8      | Noticed an orange demon
 10023 | D:8      | Noticed a smoke demon
 10031 | D:8      | HP: 20/88 [smoke demon/divine providence[a kobold
                  | demonologist] (14)]
 10063 | D:7      | HP: 22/88 [wolf (6)]
 10070 | D:7      | HP: 18/88 [wolf (1)]
 10075 | D:7      | HP: 17/88 [wolf (2)]
 10479 | D:8      | Noticed a sixfirhy
 10480 | D:8      | Killed a kobold demonologist
 10481 | D:8      | Reached skill level 6 in Long Blades
 10971 | D:8      | You add the spells Magic Dart, Static Discharge, Freezing
                  | Cloud, Fireball and Spellforged Servitor to your library.
 10971 | D:8      | Got the Papyrus of Gliding Confrontation
 11053 | D:8      | Found a staircase to the Lair.
 11070 | D:8      | HP: 20/90 [electric eel/bolt of electricity (8)]
 11072 | D:8      | Killed from afar by an electric eel

Vanquished Creatures
  Pikel (D:6)
  Joseph (D:7)
  Maggie (D:6)
  A kobold demonologist (D:8)
  Grinder (D:5)
  A steam dragon (D:7)
  Duvessa (D:4)
  2 sky beasts
  4 ice beasts
  3 ogres (D:4)
  A wolf (D:7)
  2 centaurs (D:5)
  A kobold brigand (D:6)
  2 bullfrogs (D:7)
  A gnoll sergeant (D:8)
  5 scorpions
  A water moccasin zombie (D:5)
  Dowan (D:4)
  9 wights
  2 howler monkeys
  A jelly (D:6)
  Crazy Yiuf (D:6)
  9 hounds
  2 orc priests (D:6)
  A bullfrog skeleton (D:5)
  5 iguanas
  Ijyb (D:4)
  An orc wizard (D:6)
  A killer bee zombie (D:7)
  A mummy (D:8)
  11 adders
  7 gnolls
  A shadow imp (D:7)
  A white imp (D:8)
  2 ufetubi
  An adder skeleton (D:5)
  8 dart slugs
  15 orcs
  9 endoplasms
  3 giant cockroaches
  8 hobgoblins
  7 jackals
  12 kobolds
  2 quokkas
  6 ball pythons
  4 bats
  4 frilled lizards
  13 goblins
  3 hobgoblin zombies (D:8)
  A kobold zombie (D:8)
  7 rats
189 creatures vanquished.

Table legend:
 A = Non-vault XP
 B = Vault XP
 C = Vault XP percentage of total XP
 D = Non-vault monster count
 E = Vault monster count
 F = Vault count percentage of total count
                 A         B        C        D         E       F
            +---------+---------+-------+---------+---------+-------
      Total |    4027 |    2789 |  40.9 |     160 |      29 |  15.3
            +---------+---------+-------+---------+---------+-------
        D:1 |      67 |       0 |   0.0 |      37 |       0 |   0.0
        D:2 |     100 |       2 |   2.0 |      24 |       1 |   4.0
        D:3 |     122 |       5 |   3.9 |      25 |       2 |   7.4
        D:4 |     372 |     359 |  49.1 |      13 |       4 |  23.5
        D:5 |    1196 |     531 |  30.7 |      25 |       6 |  19.4
        D:6 |     835 |    1033 |  55.3 |      20 |       3 |  13.0
        D:7 |     841 |     627 |  42.7 |      11 |       3 |  21.4
        D:8 |     494 |     232 |  32.0 |       5 |      10 |  66.7
            +---------+---------+-------+---------+---------+-------

Illustrated notes

Table legend:
 A = Kills in this place as a percentage of kills in entire the game.
 B = Kills by you in this place as a percentage of kills by you in the entire game.
 C = Kills by friends in this place as a percentage of kills by friends in the entire game.
 D = Other kills in this place as a percentage of other kills in the entire game.
 E = Experience gained in this place as a percentage of experience gained in the entire game.
 F = Experience gained in this place divided by the number of levels of this place that you have seen.
                   A       B       C       D       E      F
               +-------+-------+-------+-------+-------+----------------------
         Total | 100.0 | 100.0 |   N/A |   N/A | 100.0 | 757.3
       Dungeon | 100.0 | 100.0 |   N/A |   N/A | 100.0 | 852.0
               +-------+-------+-------+-------+-------+----------------------

Table legend: (Time is in decaauts)
 A = Elapsed time spent in this place.
 B = Non-inter-level travel time spent in this place.
 C = Inter-level travel time spent in this place.
 D = Time resting spent in this place.
 E = Time spent auto-exploring this place.
 F = Levels seen in this place.
 G = Mean time per level.
                   A        B        C        D        E       F      G
               +--------+--------+--------+--------+--------+-----+--------+
         Total |  11283 |  10951 |    332 |   3362 |   5283 |   9 | 1253.7 |
       Dungeon |  11123 |  10818 |    305 |   3362 |   5165 |   8 | 1390.4 |
        Temple |    159 |    132 |     27 |      0 |    118 |   1 |  159.0 |
               +--------+--------+--------+--------+--------+-----+--------+

Top non-repeatable levels by time:
     D:5: 2360 daAuts
     D:7: 1701 daAuts
     D:6: 1563 daAuts
     D:4: 1478 daAuts
     D:1: 1292 daAuts
     D:3: 1191 daAuts
     D:2: 769 daAuts
     D:8: 765 daAuts
  Temple: 159 daAuts
